 Dungeon Crawl Stone Soup version 0.16-a0-1970-g0967df0 (webtiles) character file.

116 thegroundistoosoft the Insei (level 4, 0/37 HPs)
             Began as a Mummy Monk on Nov 8, 2014.
             Slain by a killer bee (8 damage)
             ... on level 4 of the Dungeon.
             The game lasted 00:14:47 (5364 turns).

thegroundistoosoft the Insei (Mummy Monk)           Turns: 5364, Time: 00:14:47

Health: 0/37       AC:  0    Str: 14    XL:     4   Next: 70%
Magic:  4/4        EV: 13    Int:  9    God:
Gold:   89         SH:  0    Dex: 15    Spells: 0 memorised, 3 levels left

rFire  x . .     SeeInvis .       - Unarmed
rCold  + . .     Clarity  .     (no armour)
rNeg   + + +     SustAb   .     (no shield)
rPois  +         Gourm    .     (no helmet)
rElec  .         Spirit   .     (no cloak)
rCorr  .         Warding  .     (no gloves)
rMut   .         Stasis   .     (no boots)
MR     .....                    (no amulet)
Stlth  ++........               (no ring)
                                f - ring of poison resistance

@: about to teleport, not resistant to hostile enchantments, unstealthy
A: no food or potions, fire vulnerability, restore body, cold resistance 1,
negative energy resistance 3, poison resistance, torment resistance, unbreathing
a: no special abilities


You were on level 4 of the Dungeon.
You were not hungry.

You visited 1 branch of the dungeon, and saw 4 of its levels.

You collected 89 gold pieces.


Innate Abilities, Weirdness & Mutations

You do not eat or drink.
Your flesh is vulnerable to fire.
Your flesh is cold resistant.
You are immune to negative energy.
Your system is resistant to poisons.
You are immune to unholy pain and torment.
You can survive without breathing.


   Skills:
 - Level 4.0 Fighting
 - Level 2.4 Dodging
 - Level 1.5 Stealth
 + Level 4.5 Unarmed Combat


You had 3 spell levels left.
You didn't know any spells.

Inventory:

Jewellery
 f - a ring of poison resistance (left hand)
Scrolls
 c - a scroll of amnesia
 g - a scroll of identify
 h - a scroll of remove curse {unknown}
 i - a scroll of immolation {unknown}
Comestibles
 a - a slice of pizza (quivered)
 b - a royal jelly
 d - 3 fruits

Dungeon Overview and Level Annotations

Branches:
Dungeon (4/15)
 Temple: D:4-7

Altars:
Cheibriados
Fedhas
Makhleb
Nemelex Xobeh

...#.# .#.#.## ### ##....#### .<#
........... #.# ##<...#### #.# .
##.#.## #.# .# ...#.# #.# .#
####.# #.# .# ####'## #@# ##.####
# ..#<..## ##y#####......y.y.
#......## ##........# ..#
#.......## ##...####..# ..y#
.........####....####..###....###
.........'.......................
.........####...#.###.........###
#.......## ##........####.#.##
.......## ###...#### .# #


You could see a killer bee.


Message History

Okay, then.
The killer bee misses you. The killer bee closely misses you.
The killer bee misses you.
Read which item? (? for menu, Esc to quit)
Okay, then.
Put on which piece of jewellery? (? for menu, Esc to quit)
Okay, then.
The killer bee stings you! The killer bee barely misses you.
The killer bee barely misses you.
You hit the killer bee but do no damage.
The killer bee barely misses you.
You can't drink.
Read which item? (? for menu, Esc to quit)
As you read the scroll labeled THREED EZXEFI, it crumbles to dust.
You feel forgetful for a moment.
It was a scroll of amnesia.
The killer bee stings you. x2
Read which item? (? for menu, Esc to quit)
As you read the scroll labeled HEIFEG LAFIA, it crumbles to dust.
It is a scroll of identify.
Identify which item? (\ to view known items) (? for menu, Esc to quit)
e - a scroll of teleportation The killer bee misses you.
The killer bee stings you!
Read which item? (? for menu, Esc to quit)
As you read the scroll of teleportation, it crumbles to dust.
You feel strangely unstable. The killer bee stings you!
* * * LOW HITPOINT WARNING * * *
The killer bee stings you!
You die...

Action                   |  1- 3 |  4- 6 || total
-------------------------+-------+-------++-------
Melee: Unarmed           |   224 |    91 ||   315
  Use: Scroll            |       |     3 ||     3
 Stab: Sleeping          |     1 |     3 ||     4
       Distracted        |     1 |     1 ||     2

Vault maps used:
D:1:      saegor_arrival_under_anarchy
D:2:      serial_park_square1, lemuel_round_altar, overflow_temple_1_default,
          nemelex_dance_club_becter
D:3:      fedhas_altar_1
D:4:      gammafunk_temple_overflow_pools

Notes
Turn   | Place    | Note
--------------------------------------------------------------
     0 | D:1      | thegroundistoosoft, the Mummy Monk, began the quest for the Orb.
     0 | D:1      | Reached XP level 1. HP: 18/18 MP: 1/1
   580 | D:1      | Reached XP level 2. HP: 10/24 MP: 2/2
  1626 | D:1      | Reached skill level 4 in Fighting
  2195 | D:1      | Reached XP level 3. HP: 28/30 MP: 3/3
  2702 | D:2      | rip nem
  2757 | D:2      | Found a burning altar of Makhleb.
  2935 | D:2      | Found a snail-covered altar of Cheibriados.
  3667 | D:2      | Reached skill level 4 in Unarmed Combat
  3862 | D:2      | Reached XP level 4. HP: 29/37 MP: 4/4
  4136 | D:2      | Found a sparkling altar of Nemelex Xobeh.
  4212 | D:3      | Found a blossoming altar of Fedhas.
  5364 | D:4      | Slain by a killer bee

Vanquished Creatures
  2 adders
  4 worms
  2 giant geckos
  An ooze (D:2)
  3 orcs (D:2)
  9 bats
  A giant cockroach (D:1)
  14 hobgoblins
  2 jackals (D:2)
  11 kobolds
  2 giant newts
  3 goblins
  11 rats
65 creatures vanquished.
